[ AOE2 MATCH · #473530207 ]
UnrankedArmenians vs Portuguese
[ REPLAY ANALYSIS · EXTRACTED FROM THE RECORDED GAME ]
Feudal
11:25
Castle
26:16
Imperial
46:54
| APM avg | 47.9 |
| APM peak | 98 |
| eAPM avg | 17.5 |
| Villagers / military | 66 / 144 |
Focus
⚔️ 43.6% · 🌾 56.4%
Militia ×90 · Battering Ram ×20 · Monk ×14 · Spearman ×7 · Warrior Priest ×5 · Mangonel ×4
Feudal
15:32
Castle
22:53
Imperial
39:15
| APM avg | 28.6 |
| APM peak | 116 |
| eAPM avg | 12.8 |
| Villagers / military | 122 / 167 |
Focus
⚔️ 37.0% · 🌾 63.0%
Archer ×79 · Hand Cannoneer ×59 · Organ Gun ×12 · Bombard Cannon ×10 · Trade Cart ×6 · Cavalry Archer ×4
Feudal
14:09
Castle
21:07
Imperial
34:42
| APM avg | 32.2 |
| APM peak | 60 |
| eAPM avg | 22.2 |
| Villagers / military | 147 / 298 |
Focus
⚔️ 31.7% · 🌾 68.3%
Cavalry Archer ×152 · Samurai ×78 · Skirmisher ×51 · Trebuchet (Packed) ×12 · Monk ×5
Feudal
14:18
Castle
18:50
Imperial
34:15
| APM avg | 30.7 |
| APM peak | 67 |
| eAPM avg | 13.6 |
| Villagers / military | 114 / 96 |
Focus
⚔️ 32.0% · 🌾 68.0%
Conquistador ×46 · Skirmisher ×21 · Spearman ×18 · Knight ×5 · Bombard Cannon ×4 · Trade Cart ×2
Feudal
12:12
Castle
21:58
Imperial
31:48
| APM avg | 20.7 |
| APM peak | 43 |
| eAPM avg | 15.0 |
| Villagers / military | 125 / 154 |
Focus
⚔️ 31.5% · 🌾 68.5%
Centurion ×107 · Scout Cavalry ×25 · Trade Cart ×18 · Scorpion ×12 · Trebuchet (Packed) ×6 · Fishing Ship ×4
Feudal
—
Castle
—
Imperial
—
| APM avg | 24.4 |
| APM peak | 60 |
| eAPM avg | 13.8 |
| Villagers / military | 94 / 144 |
Focus
⚔️ 36.8% · 🌾 63.2%
Longbowman ×69 · Spearman ×43 · Trade Cart ×23 · Archer ×11 · Skirmisher ×11 · Mangonel ×6
Match map
Initial resources + every placement click. Lines = walls · curves = elevation contours. ◆ gold · ⬟ stone · ● berries · ✦ relic · ◌ wall gap
Your base
JLN II's base
❤️🩹Kyan Kylock's base
lautygonzalez89's base
Nixo_89's base
AABYBRUNO's base
Smoothed initial terrain · ◌ = detected wall gap · hover for details
Inputs per minute
— Andrew - - JLN II
Build order — Andrew
First 150 of 348 actions detected
| 0:02 | Create | Villager (Male) |
| 0:02 | Create | Villager (Male) |
| 0:02 | Create | Villager (Male) |
| 0:02 | Create | Villager (Male) |
| 0:04 | Build | House |
| 0:05 | Build | House |
| 0:15 | Build | Palisade Wall |
| 0:17 | Build | Palisade Wall |
| 0:19 | Build | Palisade Wall |
| 1:21 | Build | Palisade Wall |
| 1:24 | Build | Palisade Wall |
| 1:42 | Create | Villager (Male) |
| 2:22 | Build | Palisade Wall |
| 2:49 | Create | Villager (Male) |
| 2:49 | Create | Villager (Male) |
| 2:58 | Build | Mule Cart |
| 3:22 | Create | Villager (Male) |
| 4:20 | Create | Villager (Male) |
| 4:20 | Create | Villager (Male) |
| 4:30 | Build | House |
| 4:41 | Create | Villager (Male) |
| 4:50 | Build | Mill |
| 5:04 | Create | Villager (Male) |
| 5:34 | Create | Villager (Male) |
| 6:07 | Research | Loom |
| 6:31 | Create | Villager (Male) |
| 6:31 | Create | Villager (Male) |
| 7:16 | Create | Villager (Male) |
| 7:17 | Create | Villager (Male) |
| 7:17 | Create | Villager (Male) |
| 7:17 | Create | Villager (Male) |
| 7:21 | Build | House |
| 8:24 | Build | Barracks |
| 8:26 | Build | House |
| 8:30 | Build | House |
| 9:04 | Build | Mule Cart |
| 9:15 | Research | Feudal Age |
| 9:37 | Create | Militia |
| 10:23 | Create | Villager (Male) |
| 10:25 | Create | Militia |
| 10:25 | Create | Militia |
| 11:11 | Create | Militia |
| 11:25 | Age | Feudal Age |
| 11:25 | Research | Man-at-Arms (upgrade) |
| 11:40 | Build | Farm |
| 11:43 | Build | Farm |
| 11:49 | Build | Farm |
| 11:55 | Create | Villager (Male) |
| 11:56 | Create | Villager (Male) |
| 12:13 | Research | Long Swordsman (upgrade) |
| 12:14 | Research | Long Swordsman (upgrade) |
| 12:21 | Create | Villager (Male) |
| 12:26 | Build | House |
| 12:31 | Build | Farm |
| 12:50 | Research | Arson |
| 12:59 | Create | Villager (Male) |
| 13:11 | Build | Farm |
| 13:19 | Build | Farm |
| 13:22 | Create | Militia |
| 13:35 | Create | Militia |
| 13:58 | Create | Villager (Male) |
| 14:31 | Create | Villager (Male) |
| 14:31 | Create | Villager (Male) |
| 14:32 | Create | Militia |
| 14:40 | Build | House |
| 15:23 | Create | Villager (Male) |
| 15:24 | Create | Militia |
| 15:29 | Build | House |
| 15:33 | Build | House |
| 15:35 | Build | House |
| 15:37 | Build | House |
| 15:39 | Build | House |
| 15:42 | Build | House |
| 16:10 | Build | Barracks |
| 16:24 | Create | Villager (Male) |
| 16:26 | Create | Militia |
| 16:37 | Build | Farm |
| 16:37 | Build | Farm |
| 16:38 | Build | Farm |
| 16:38 | Build | Farm |
| 17:20 | Build | House |
| 17:22 | Build | House |
| 17:23 | Build | House |
| 17:26 | Build | House |
| 17:32 | Create | Villager (Male) |
| 17:32 | Create | Villager (Male) |
| 17:34 | Create | Militia |
| 17:34 | Create | Militia |
| 17:34 | Create | Militia |
| 17:52 | Build | Farm |
| 17:52 | Build | Farm |
| 17:52 | Build | Farm |
| 18:02 | Create | Villager (Male) |
| 18:38 | Create | Villager (Male) |
| 18:40 | Create | Militia |
| 18:40 | Create | Militia |
| 18:41 | Create | Militia |
| 18:41 | Create | Militia |
| 18:56 | Create | Villager (Male) |
| 19:19 | Build | Blacksmith |
| 19:46 | Create | Villager (Male) |
| 19:46 | Create | Villager (Male) |
| 19:53 | Create | Villager (Male) |
| 19:53 | Create | Villager (Male) |
| 19:55 | Create | Militia |
| 19:55 | Create | Militia |
| 20:14 | Research | Scale Mail Armor |
| 20:26 | Build | Market |
| 20:38 | Create | Villager (Male) |
| 20:44 | Build | Mill |
| 20:45 | Build | Farm |
| 20:46 | Build | Farm |
| 20:46 | Build | Farm |
| 20:46 | Build | Farm |
| 20:48 | Research | Double-Bit Axe |
| 21:45 | Build | Watch Tower |
| 21:54 | Create | Spearman |
| 21:54 | Create | Spearman |
| 22:00 | Research | Forging |
| 22:04 | Build | Barracks |
| 22:27 | Create | Spearman |
| 22:27 | Create | Spearman |
| 23:11 | Build | Farm |
| 23:12 | Build | Farm |
| 23:26 | Build | Mule Cart |
| 23:36 | Research | Castle Age |
| 23:48 | Create | Militia |
| 23:48 | Create | Militia |
| 23:48 | Create | Militia |
| 23:48 | Create | Militia |
| 23:49 | Create | Militia |
| 24:42 | Create | Spearman |
| 24:42 | Create | Spearman |
| 24:42 | Create | Spearman |
| 25:04 | Research | Fletching |
| 26:06 | Build | Mule Cart |
| 26:16 | Age | Castle Age |
| 26:20 | Build | Siege Workshop |
| 26:22 | Research | Two-Handed Swordsman (upgrade) |
| 26:45 | Build | Stone Wall |
| 26:50 | Build | Stone Wall |
| 26:52 | Build | Stone Wall |
| 26:55 | Build | Stone Wall |
| 26:58 | Build | Stone Wall |
| 27:01 | Build | Stone Wall |
| 27:04 | Create | Villager (Male) |
| 27:08 | Build | Stone Wall |
| 27:30 | Research | Gambesons |
| 28:22 | Build | Siege Workshop |
| 28:32 | Create | Villager (Male) |
Build order — JLN II
First 150 of 451 actions detected
| 0:01 | Create | Villager (Male) |
| 0:01 | Create | Villager (Male) |
| 0:01 | Create | Villager (Male) |
| 0:01 | Create | Villager (Male) |
| 0:03 | Build | House |
| 0:05 | Build | House |
| 1:35 | Create | Villager (Male) |
| 2:17 | Research | Loom |
| 2:51 | Create | Villager (Male) |
| 2:51 | Create | Villager (Male) |
| 3:17 | Create | Villager (Male) |
| 3:40 | Create | Villager (Male) |
| 4:43 | Build | Lumber Camp |
| 4:52 | Build | House |
| 4:56 | Create | Villager (Male) |
| 4:57 | Create | Villager (Male) |
| 5:51 | Create | Villager (Male) |
| 5:51 | Create | Villager (Male) |
| 5:52 | Create | Villager (Male) |
| 5:52 | Create | Villager (Male) |
| 6:18 | Create | Villager (Male) |
| 6:18 | Create | Villager (Male) |
| 6:38 | Build | Mill |
| 7:52 | Create | Villager (Male) |
| 7:52 | Create | Villager (Male) |
| 7:52 | Create | Villager (Male) |
| 8:06 | Build | House |
| 8:20 | Build | House |
| 8:43 | Build | Mill |
| 9:11 | Create | Villager (Male) |
| 9:11 | Create | Villager (Male) |
| 9:12 | Create | Villager (Male) |
| 9:12 | Create | Villager (Male) |
| 9:36 | Build | House |
| 10:24 | Build | Lumber Camp |
| 10:34 | Create | Villager (Male) |
| 10:34 | Create | Villager (Male) |
| 10:35 | Create | Villager (Male) |
| 10:35 | Create | Villager (Male) |
| 10:35 | Create | Villager (Male) |
| 11:13 | Build | Farm |
| 11:14 | Build | Farm |
| 11:14 | Build | Farm |
| 11:18 | Build | Farm |
| 11:31 | Build | Farm |
| 11:34 | Build | Farm |
| 12:02 | Build | Mining Camp |
| 12:18 | Build | Farm |
| 12:24 | Research | Feudal Age |
| 13:01 | Create | Villager (Male) |
| 13:01 | Create | Villager (Male) |
| 13:03 | Create | Villager (Male) |
| 13:03 | Create | Villager (Male) |
| 13:28 | Create | Villager (Male) |
| 13:28 | Create | Villager (Male) |
| 13:29 | Create | Villager (Male) |
| 14:27 | Build | Farm |
| 14:27 | Build | Farm |
| 14:27 | Build | Farm |
| 14:27 | Build | Farm |
| 14:28 | Build | Farm |
| 14:28 | Build | Farm |
| 14:28 | Build | Farm |
| 14:29 | Build | Farm |
| 15:32 | Age | Feudal Age |
| 16:04 | Create | Villager (Male) |
| 16:07 | Create | Villager (Male) |
| 16:07 | Create | Villager (Male) |
| 16:46 | Build | Farm |
| 16:54 | Build | Barracks |
| 17:38 | Build | Lumber Camp |
| 18:03 | Build | Stone Wall |
| 18:08 | Create | Villager (Male) |
| 18:09 | Create | Villager (Male) |
| 18:09 | Create | Villager (Male) |
| 18:15 | Build | House |
| 18:39 | Build | Market |
| 18:42 | Build | Blacksmith |
| 19:13 | Build | Archery Range |
| 19:24 | Create | Villager (Male) |
| 19:24 | Create | Villager (Male) |
| 19:39 | Build | Building 490 |
| 20:11 | Research | Castle Age |
| 20:18 | Build | Archery Range |
| 20:24 | Build | Archery Range |
| 20:49 | Create | Villager (Male) |
| 20:49 | Create | Villager (Male) |
| 20:49 | Create | Villager (Male) |
| 20:49 | Create | Villager (Male) |
| 21:06 | Build | Archery Range |
| 21:37 | Research | Double-Bit Axe |
| 21:41 | Research | Horse Collar |
| 21:51 | Research | Fletching |
| 21:52 | Research | Padded Archer Armor |
| 21:57 | Create | Archer |
| 21:58 | Create | Archer |
| 21:58 | Create | Archer |
| 21:59 | Create | Archer |
| 21:59 | Create | Archer |
| 21:59 | Create | Archer |
| 22:07 | Build | House |
| 22:10 | Build | House |
| 22:14 | Build | House |
| 22:17 | Build | Farm |
| 22:28 | Build | Mining Camp |
| 22:31 | Research | Gold Mining |
| 22:41 | Create | Villager (Male) |
| 22:53 | Age | Castle Age |
| 22:54 | Research | Bodkin Arrow |
| 22:58 | Research | Crossbowman (upgrade) |
| 22:59 | Research | Thumb Ring |
| 23:04 | Create | Archer |
| 23:04 | Create | Archer |
| 23:04 | Create | Archer |
| 23:05 | Create | Archer |
| 23:05 | Create | Archer |
| 23:11 | Create | Cavalry Archer |
| 23:12 | Create | Cavalry Archer |
| 23:13 | Create | Cavalry Archer |
| 23:13 | Create | Cavalry Archer |
| 23:41 | Build | Town Center |
| 23:48 | Build | Farm |
| 23:58 | Build | Farm |
| 24:25 | Research | Leather Archer Armor |
| 24:29 | Create | Archer |
| 24:41 | Build | Farm |
| 24:52 | Build | Farm |
| 25:47 | Research | Wheelbarrow |
| 25:48 | Create | Villager (Male) |
| 25:48 | Create | Villager (Male) |
| 25:48 | Create | Villager (Male) |
| 26:13 | Create | Archer |
| 26:13 | Create | Archer |
| 26:13 | Create | Archer |
| 26:13 | Create | Archer |
| 26:20 | Create | Villager (Male) |
| 26:20 | Create | Villager (Male) |
| 26:21 | Create | Villager (Male) |
| 26:21 | Create | Villager (Male) |
| 26:21 | Create | Villager (Male) |
| 26:41 | Build | Town Center |
| 28:37 | Create | Villager (Male) |
| 28:38 | Create | Villager (Male) |
| 29:46 | Create | Villager (Male) |
| 30:09 | Build | Farm |
| 30:09 | Build | Farm |
| 30:09 | Build | Farm |
| 30:10 | Build | Farm |
| 30:10 | Build | Farm |
| 30:10 | Build | Farm |
Build order — ❤️🩹Kyan Kylock
First 150 of 512 actions detected
| 0:01 | Create | Villager (Male) ×4 |
| 0:02 | Build | House |
| 0:06 | Build | House |
| 1:34 | Build | Palisade Wall |
| 1:39 | Research | Loom |
| 1:51 | Create | Villager (Male) |
| 2:33 | Create | Villager (Male) |
| 2:44 | Create | Villager (Male) |
| 2:54 | Build | Lumber Camp |
| 3:28 | Create | Villager (Male) |
| 3:31 | Build | House |
| 3:33 | Create | Villager (Male) |
| 3:43 | Build | Building 800 |
| 3:48 | Build | Palisade Wall |
| 4:06 | Create | Villager (Male) |
| 4:24 | Create | Villager (Male) |
| 4:24 | Create | Villager (Male) |
| 4:54 | Create | Villager (Male) |
| 5:08 | Build | Palisade Wall |
| 5:10 | Build | Palisade Wall |
| 5:35 | Build | Building 796 |
| 5:45 | Create | Villager (Male) |
| 5:58 | Build | Palisade Wall |
| 6:06 | Create | Villager (Male) |
| 6:14 | Build | House |
| 6:18 | Build | House |
| 6:28 | Build | House |
| 6:38 | Create | Villager (Male) |
| 6:52 | Build | House |
| 7:02 | Create | Villager (Male) |
| 7:39 | Build | Lumber Camp |
| 7:45 | Create | Villager (Male) |
| 7:46 | Create | Villager (Male) |
| 8:23 | Build | Mill |
| 8:39 | Create | Villager (Male) |
| 8:47 | Create | Villager (Male) |
| 9:14 | Build | Lumber Camp |
| 9:22 | Create | Villager (Male) |
| 9:22 | Create | Villager (Male) |
| 9:38 | Build | House |
| 9:39 | Build | House |
| 10:01 | Create | Villager (Male) |
| 10:01 | Create | Villager (Male) |
| 10:51 | Build | Lumber Camp |
| 11:01 | Create | Villager (Male) |
| 11:15 | Build | Mill |
| 11:24 | Create | Villager (Male) |
| 11:50 | Build | Palisade Gate |
| 11:52 | Build | Palisade Wall |
| 11:54 | Create | Villager (Male) |
| 11:57 | Research | Feudal Age |
| 12:08 | Create | Villager (Male) |
| 12:34 | Create | Villager (Male) |
| 13:20 | Build | Mining Camp |
| 13:29 | Build | Mining Camp |
| 13:35 | Create | Villager (Male) |
| 13:43 | Build | Palisade Wall |
| 13:44 | Build | Palisade Wall |
| 14:02 | Build | Farm |
| 14:02 | Build | Farm |
| 14:02 | Build | Farm |
| 14:02 | Build | Farm |
| 14:03 | Build | Farm |
| 14:09 | Age | Feudal Age |
| 14:15 | Build | Blacksmith |
| 14:24 | Build | Market |
| 14:30 | Build | Stone Wall |
| 14:31 | Build | Building 487 |
| 14:40 | Build | Stone Wall |
| 14:47 | Build | Stone Wall |
| 14:48 | Build | Stone Wall |
| 14:49 | Build | Building 490 |
| 15:10 | Create | Villager (Male) |
| 15:21 | Build | Mill |
| 15:26 | Create | Villager (Male) |
| 15:28 | Build | Farm |
| 15:29 | Create | Villager (Male) |
| 15:35 | Build | Farm |
| 15:42 | Research | Double-Bit Axe |
| 15:44 | Research | Horse Collar |
| 15:57 | Build | Farm |
| 16:00 | Build | Farm |
| 16:13 | Build | Stone Wall |
| 16:15 | Build | Building 673 |
| 16:30 | Build | Stone Wall |
| 16:35 | Create | Villager (Male) |
| 16:39 | Build | Farm |
| 17:09 | Create | Villager (Male) |
| 17:10 | Create | Villager (Male) |
| 17:24 | Build | Barracks |
| 17:36 | Build | Barracks |
| 17:41 | Create | Villager (Male) |
| 17:45 | Build | House |
| 18:09 | Build | Dock |
| 18:18 | Create | Villager (Male) |
| 18:25 | Research | Castle Age |
| 18:31 | Create | Villager (Male) |
| 18:39 | Build | Stone Wall |
| 18:40 | Build | Stone Wall |
| 18:42 | Build | Stone Wall |
| 18:43 | Create | Villager (Male) |
| 18:54 | Build | House |
| 18:55 | Build | House |
| 19:10 | Build | Outpost |
| 19:15 | Build | Outpost |
| 19:56 | Research | Town Watch |
| 20:44 | Build | House |
| 20:45 | Build | House |
| 20:52 | Build | Farm |
| 21:07 | Age | Castle Age |
| 21:21 | Build | Monastery |
| 21:26 | Build | Monastery |
| 21:33 | Build | Town Center |
| 21:48 | Research | Heavy Plow |
| 21:50 | Create | Villager (Male) |
| 21:50 | Create | Villager (Male) |
| 21:50 | Create | Villager (Male) |
| 22:16 | Create | Monk |
| 22:18 | Research | Forging |
| 22:30 | Create | Villager (Male) |
| 22:30 | Create | Villager (Male) |
| 22:35 | Create | Villager (Male) |
| 22:35 | Create | Villager (Male) |
| 22:36 | Create | Villager (Male) |
| 23:00 | Build | Monastery |
| 23:07 | Research | Bow Saw |
| 23:08 | Create | Villager (Male) |
| 23:09 | Create | Villager (Male) |
| 23:09 | Create | Villager (Male) |
| 23:12 | Create | Monk |
| 23:21 | Create | Villager (Male) |
| 23:21 | Create | Villager (Male) |
| 23:39 | Create | Monk |
| 23:45 | Create | Villager (Male) |
| 23:45 | Create | Villager (Male) |
| 23:46 | Create | Villager (Male) |
| 23:51 | Build | Town Center |
| 24:23 | Create | Villager (Male) |
| 24:24 | Research | Wheelbarrow |
| 24:25 | Create | Villager (Male) |
| 24:25 | Create | Villager (Male) |
| 24:48 | Create | Villager (Male) |
| 25:03 | Create | Villager (Male) |
| 25:03 | Create | Villager (Male) |
| 25:32 | Build | Castle |
| 25:43 | Create | Villager (Male) |
| 25:43 | Create | Villager (Male) |
| 26:12 | Research | Fletching |
| 26:32 | Create | Villager (Male) |
| 26:32 | Create | Villager (Male) |
Build order — lautygonzalez89
First 150 of 416 actions detected
| 0:02 | Create | Villager (Male) |
| 0:02 | Create | Villager (Male) |
| 0:03 | Create | Villager (Male) |
| 0:03 | Create | Villager (Male) |
| 0:07 | Build | House |
| 0:18 | Build | Palisade Wall |
| 0:25 | Build | Palisade Wall |
| 0:34 | Build | House |
| 1:16 | Build | Palisade Wall |
| 2:08 | Create | Villager (Male) |
| 3:05 | Create | Villager (Male) |
| 3:06 | Create | Villager (Male) |
| 3:42 | Create | Villager (Male) |
| 4:13 | Create | Villager (Male) |
| 4:27 | Build | Lumber Camp |
| 4:38 | Create | Villager (Male) |
| 5:04 | Create | Villager (Male) |
| 5:11 | Build | House |
| 5:29 | Create | Villager (Male) |
| 5:38 | Build | House |
| 6:05 | Create | Villager (Male) |
| 6:08 | Create | Villager (Male) |
| 6:31 | Create | Villager (Male) |
| 7:06 | Create | Villager (Male) |
| 7:27 | Create | Villager (Male) |
| 7:39 | Create | Villager (Male) |
| 8:03 | Create | Villager (Male) |
| 8:18 | Build | Mill |
| 8:22 | Create | Villager (Male) |
| 8:30 | Build | House |
| 8:54 | Create | Villager (Male) |
| 8:59 | Create | Villager (Male) |
| 9:52 | Create | Villager (Male) |
| 10:08 | Create | Villager (Male) |
| 10:21 | Build | Mining Camp |
| 10:35 | Build | Farm |
| 10:39 | Build | Farm |
| 10:39 | Build | Farm |
| 10:40 | Build | Farm |
| 10:40 | Build | Farm |
| 10:40 | Build | Farm |
| 10:40 | Build | Farm |
| 10:49 | Build | Farm |
| 11:14 | Create | Villager (Male) |
| 11:27 | Build | Barracks |
| 11:46 | Build | House |
| 12:08 | Research | Feudal Age |
| 12:25 | Build | House |
| 13:03 | Build | House |
| 13:45 | Build | House |
| 14:06 | Build | House |
| 14:18 | Age | Feudal Age |
| 14:51 | Build | House |
| 15:01 | Build | Blacksmith |
| 15:07 | Build | Market |
| 15:29 | Build | House |
| 16:10 | Research | Castle Age |
| 17:44 | Build | Stable |
| 17:45 | Build | Stable |
| 18:00 | Build | Mining Camp |
| 18:28 | Create | Villager (Male) |
| 18:45 | Create | Villager (Male) |
| 18:50 | Age | Castle Age |
| 18:59 | Build | Town Center |
| 19:04 | Build | Lumber Camp |
| 19:08 | Create | Villager (Male) |
| 19:11 | Create | Knight |
| 19:11 | Create | Knight |
| 19:32 | Create | Villager (Male) |
| 19:33 | Create | Villager (Male) |
| 19:40 | Create | Knight |
| 19:41 | Create | Knight |
| 19:52 | Create | Villager (Male) |
| 19:52 | Create | Villager (Male) |
| 19:52 | Create | Villager (Male) |
| 20:13 | Research | Stone Mining |
| 20:18 | Create | Villager (Male) |
| 20:19 | Create | Villager (Male) |
| 20:21 | Create | Knight |
| 20:31 | Build | Farm |
| 20:34 | Build | Farm |
| 21:02 | Create | Villager (Male) |
| 21:02 | Create | Villager (Male) |
| 21:32 | Create | Villager (Male) |
| 21:32 | Create | Villager (Male) |
| 21:51 | Build | Castle |
| 21:54 | Research | Wheelbarrow |
| 22:02 | Build | Farm |
| 22:07 | Build | Farm |
| 22:09 | Build | Farm |
| 23:11 | Create | Villager (Male) |
| 23:12 | Create | Villager (Male) |
| 23:12 | Create | Villager (Male) |
| 23:12 | Create | Villager (Male) |
| 23:15 | Build | Farm |
| 23:22 | Create | Conquistador |
| 23:26 | Create | Conquistador |
| 23:32 | Build | Farm |
| 23:37 | Build | Farm |
| 23:40 | Create | Conquistador |
| 24:38 | Create | Conquistador |
| 24:40 | Create | Villager (Male) |
| 24:41 | Create | Villager (Male) |
| 24:41 | Create | Villager (Male) |
| 24:41 | Create | Conquistador |
| 24:46 | Create | Villager (Male) |
| 24:49 | Build | Farm |
| 24:52 | Build | Farm |
| 25:40 | Create | Conquistador |
| 25:42 | Create | Villager (Male) |
| 25:42 | Create | Villager (Male) |
| 26:02 | Create | Villager (Male) |
| 26:03 | Create | Villager (Male) |
| 26:04 | Build | Town Center |
| 26:06 | Create | Villager (Male) |
| 26:07 | Create | Villager (Male) |
| 26:24 | Create | Conquistador |
| 26:24 | Create | Conquistador |
| 26:29 | Create | Villager (Male) |
| 26:29 | Create | Villager (Male) |
| 26:50 | Build | House |
| 26:51 | Build | House |
| 26:53 | Build | House |
| 26:54 | Build | House |
| 27:03 | Build | Stone Wall |
| 28:26 | Research | Husbandry |
| 28:28 | Create | Villager (Male) |
| 28:28 | Create | Villager (Male) |
| 28:29 | Create | Villager (Male) |
| 28:29 | Create | Villager (Male) |
| 28:29 | Create | Villager (Male) |
| 28:29 | Create | Villager (Male) |
| 28:30 | Create | Villager (Male) |
| 28:30 | Create | Villager (Male) |
| 28:36 | Create | Villager (Male) |
| 28:36 | Create | Villager (Male) |
| 28:37 | Create | Conquistador |
| 28:55 | Build | Stone Wall |
| 29:11 | Build | Stone Wall |
| 29:23 | Create | Conquistador |
| 29:27 | Research | Padded Archer Armor |
| 29:29 | Create | Villager (Male) |
| 29:30 | Create | Villager (Male) |
| 29:30 | Create | Villager (Male) |
| 29:31 | Build | Farm |
| 29:32 | Build | Farm |
| 29:32 | Build | Farm |
| 29:33 | Build | Farm |
| 29:33 | Build | Farm |
| 29:33 | Build | Farm |
Build order — Nixo_89
First 150 of 462 actions detected
| 0:02 | Create | Villager (Male) |
| 0:02 | Create | Villager (Male) |
| 0:02 | Create | Villager (Male) |
| 0:05 | Build | House |
| 0:05 | Build | House |
| 0:19 | Build | Palisade Gate |
| 0:22 | Build | Palisade Wall |
| 0:24 | Build | Palisade Wall |
| 0:37 | Build | Palisade Wall |
| 0:50 | Research | Loom |
| 0:50 | Create | Villager (Male) |
| 0:50 | Create | Villager (Male) |
| 1:01 | Build | Palisade Wall |
| 2:28 | Create | Villager (Male) |
| 2:28 | Create | Villager (Male) |
| 3:18 | Create | Villager (Male) |
| 3:18 | Create | Villager (Male) |
| 3:44 | Create | Villager (Male) |
| 3:44 | Create | Villager (Male) |
| 4:43 | Create | Villager (Male) |
| 4:43 | Create | Villager (Male) |
| 5:02 | Create | Villager (Male) |
| 5:03 | Create | Villager (Male) |
| 5:23 | Create | Villager (Male) |
| 5:23 | Create | Villager (Male) |
| 5:33 | Build | Lumber Camp |
| 6:03 | Create | Villager (Male) |
| 6:04 | Create | Villager (Male) |
| 6:04 | Create | Villager (Male) |
| 6:33 | Build | House |
| 6:38 | Build | House |
| 7:40 | Create | Villager (Male) |
| 7:50 | Create | Villager (Male) |
| 8:19 | Create | Villager (Male) |
| 8:42 | Create | Villager (Male) |
| 9:00 | Build | Mill |
| 9:05 | Create | Villager (Male) |
| 9:13 | Build | Mill |
| 10:02 | Research | Feudal Age |
| 10:29 | Build | House |
| 10:32 | Build | House |
| 10:35 | Build | House |
| 10:39 | Build | Palisade Wall |
| 10:39 | Build | Palisade Wall |
| 10:50 | Build | Mining Camp |
| 10:54 | Create | Villager (Male) |
| 11:35 | Build | Outpost |
| 12:12 | Age | Feudal Age |
| 12:20 | Build | Building 487 |
| 12:24 | Build | Stone Wall |
| 12:31 | Build | Stone Wall |
| 12:35 | Create | Villager (Male) |
| 12:42 | Create | Villager (Male) |
| 13:23 | Build | Market |
| 13:30 | Build | Blacksmith |
| 13:39 | Create | Villager (Male) |
| 13:40 | Create | Villager (Male) |
| 14:10 | Create | Villager (Male) |
| 14:37 | Build | Farm |
| 14:47 | Build | Mill |
| 14:52 | Create | Villager (Male) |
| 14:58 | Build | Farm |
| 15:00 | Research | Double-Bit Axe |
| 15:39 | Build | Farm |
| 15:40 | Create | Villager (Male) |
| 15:48 | Build | Dock |
| 15:51 | Create | Villager (Male) |
| 16:16 | Research | Horse Collar |
| 16:19 | Create | Villager (Male) |
| 16:40 | Build | Farm |
| 16:44 | Create | Fishing Ship |
| 17:00 | Build | Farm |
| 17:04 | Create | Villager (Male) |
| 17:38 | Build | Farm |
| 17:41 | Create | Villager (Male) |
| 17:44 | Create | Villager (Male) |
| 18:53 | Create | Villager (Male) |
| 19:00 | Research | Castle Age |
| 19:27 | Build | Stone Wall |
| 19:37 | Build | Farm |
| 19:38 | Build | Farm |
| 19:44 | Build | Farm |
| 19:45 | Build | Farm |
| 19:47 | Build | Farm |
| 19:49 | Build | Farm |
| 19:51 | Create | Villager (Male) |
| 19:52 | Create | Villager (Male) |
| 20:31 | Build | House |
| 20:34 | Build | House |
| 20:36 | Create | Fishing Ship |
| 20:38 | Research | Tech 906 |
| 20:52 | Build | Stone Wall |
| 21:12 | Build | House |
| 21:14 | Build | House |
| 21:16 | Build | House |
| 21:19 | Build | House |
| 21:43 | Research | Town Watch |
| 21:46 | Create | Villager (Male) |
| 21:48 | Create | Fishing Ship |
| 21:50 | Create | Fishing Ship |
| 21:58 | Age | Castle Age |
| 22:33 | Research | Forging |
| 22:53 | Create | Villager (Male) |
| 23:02 | Build | Monastery |
| 23:30 | Create | Monk |
| 23:59 | Build | Castle |
| 24:16 | Create | Villager (Male) |
| 24:20 | Create | Villager (Male) |
| 24:28 | Build | Town Center |
| 24:35 | Research | Gold Mining |
| 25:35 | Create | Villager (Male) |
| 25:36 | Create | Villager (Male) |
| 25:41 | Create | Villager (Male) |
| 25:41 | Create | Villager (Male) |
| 25:54 | Build | Farm |
| 25:55 | Build | Farm |
| 25:57 | Build | Farm |
| 26:15 | Build | Building 487 |
| 26:21 | Build | Farm |
| 26:21 | Create | Villager (Male) |
| 26:29 | Create | Villager (Male) |
| 26:36 | Build | Town Center |
| 26:50 | Build | Farm |
| 26:59 | Create | Villager (Male) |
| 27:05 | Build | Farm |
| 27:20 | Build | Farm |
| 27:24 | Build | Farm |
| 27:38 | Create | Centurion |
| 27:38 | Create | Centurion |
| 27:39 | Create | Centurion |
| 27:40 | Create | Centurion |
| 28:30 | Create | Villager (Male) |
| 28:30 | Create | Villager (Male) |
| 28:38 | Research | Imperial Age |
| 28:43 | Build | Fish Trap |
| 28:45 | Build | Fish Trap |
| 28:46 | Build | Fish Trap |
| 29:08 | Build | Farm |
| 29:12 | Create | Villager (Male) |
| 29:12 | Create | Villager (Male) |
| 29:15 | Create | Villager (Male) |
| 29:24 | Build | Fish Trap |
| 30:28 | Build | Fish Trap |
| 30:34 | Create | Villager (Male) |
| 30:34 | Create | Villager (Male) |
| 30:35 | Create | Villager (Male) |
| 30:37 | Create | Villager (Male) |
| 30:38 | Create | Villager (Male) |
| 30:39 | Create | Villager (Male) |
| 30:49 | Research | Iron Casting |
Build order — AABYBRUNO
First 150 of 388 actions detected
| 0:18 | Build | Palisade Wall |
| 0:24 | Build | House |
| 0:25 | Build | House |
| 0:33 | Create | Villager (Male) |
| 0:34 | Create | Villager (Male) |
| 0:34 | Create | Villager (Male) |
| 0:35 | Create | Villager (Male) |
| 0:35 | Create | Villager (Male) |
| 1:04 | Build | Palisade Wall |
| 2:57 | Create | Villager (Male) |
| 2:58 | Create | Villager (Male) |
| 3:46 | Create | Villager (Male) |
| 3:47 | Create | Villager (Male) |
| 3:47 | Create | Villager (Male) |
| 4:16 | Build | Palisade Wall |
| 4:35 | Create | Villager (Male) |
| 4:36 | Create | Villager (Male) |
| 4:36 | Create | Villager (Male) |
| 5:55 | Build | Palisade Wall |
| 6:25 | Build | Lumber Camp |
| 6:46 | Create | Villager (Male) |
| 6:47 | Create | Villager (Male) |
| 7:04 | Build | House |
| 7:10 | Create | Villager (Male) |
| 7:10 | Create | Villager (Male) |
| 7:10 | Create | Villager (Male) |
| 7:11 | Create | Villager (Male) |
| 7:11 | Create | Villager (Male) |
| 7:43 | Create | Villager (Male) |
| 7:43 | Create | Villager (Male) |
| 8:15 | Build | House |
| 8:37 | Build | House |
| 9:20 | Create | Villager (Male) |
| 9:20 | Create | Villager (Male) |
| 9:36 | Create | Villager (Male) |
| 9:36 | Create | Villager (Male) |
| 9:36 | Create | Villager (Male) |
| 9:36 | Create | Villager (Male) |
| 9:36 | Create | Villager (Male) |
| 10:01 | Build | Mill |
| 11:20 | Build | Mining Camp |
| 12:50 | Build | Barracks |
| 12:56 | Build | Lumber Camp |
| 13:59 | Research | Feudal Age |
| 14:00 | Research | Loom |
| 14:07 | Build | Palisade Wall |
| 14:31 | Build | House |
| 14:32 | Build | House |
| 14:32 | Build | House |
| 14:33 | Build | House |
| 14:33 | Build | House |
| 14:33 | Build | House |
| 15:25 | Build | Farm |
| 15:25 | Build | Farm |
| 15:25 | Build | Farm |
| 15:26 | Build | Farm |
| 15:26 | Build | Farm |
| 15:26 | Build | Farm |
| 15:33 | Build | House |
| 15:35 | Build | House |
| 15:40 | Build | House |
| 15:45 | Build | House |
| 15:48 | Build | House |
| 15:55 | Build | Palisade Wall |
| 16:02 | Build | Palisade Wall |
| 16:34 | Create | Spearman |
| 16:34 | Create | Spearman |
| 16:35 | Create | Spearman |
| 16:35 | Create | Spearman |
| 17:48 | Create | Villager (Male) |
| 17:48 | Create | Villager (Male) |
| 17:49 | Create | Villager (Male) |
| 17:57 | Build | Market |
| 18:02 | Build | Blacksmith |
| 18:26 | Build | Archery Range |
| 19:18 | Create | Skirmisher |
| 19:21 | Create | Archer |
| 19:21 | Create | Archer |
| 19:22 | Create | Archer |
| 19:22 | Create | Archer |
| 20:02 | Build | Lumber Camp |
| 20:36 | Create | Archer |
| 20:37 | Create | Archer |
| 20:37 | Create | Archer |
| 21:08 | Create | Villager (Male) |
| 21:08 | Create | Villager (Male) |
| 21:08 | Create | Villager (Male) |
| 22:52 | Create | Villager (Male) |
| 22:53 | Create | Villager (Male) |
| 23:11 | Create | Archer |
| 23:19 | Build | Mining Camp |
| 23:21 | Create | Villager (Male) |
| 23:27 | Build | House |
| 23:47 | Create | Archer |
| 23:53 | Build | House |
| 24:29 | Build | House |
| 24:31 | Build | House |
| 24:36 | Create | Archer |
| 24:36 | Create | Archer |
| 24:54 | Create | Villager (Male) |
| 25:57 | Build | Stone Wall |
| 26:23 | Build | Market |
| 26:27 | Build | Farm |
| 27:46 | Research | Castle Age |
| 27:48 | Create | Villager (Male) |
| 27:49 | Create | Villager (Male) |
| 27:59 | Build | Farm |
| 28:28 | Build | House |
| 28:30 | Build | House |
| 28:31 | Build | House |
| 28:49 | Build | House |
| 29:57 | Build | Building 665 |
| 30:30 | Build | Siege Workshop |
| 30:48 | Build | Town Center |
| 31:14 | Build | Farm |
| 31:17 | Create | Battering Ram |
| 31:18 | Create | Battering Ram |
| 31:18 | Create | Battering Ram |
| 31:36 | Build | Farm |
| 32:30 | Create | Mangonel |
| 32:40 | Create | Villager (Male) |
| 32:41 | Create | Villager (Male) |
| 32:41 | Create | Villager (Male) |
| 32:41 | Create | Villager (Male) |
| 32:42 | Create | Villager (Male) |
| 32:42 | Create | Villager (Male) |
| 34:02 | Create | Villager (Male) |
| 34:02 | Create | Villager (Male) |
| 34:03 | Create | Villager (Male) |
| 34:06 | Build | Farm |
| 34:26 | Create | Villager (Male) |
| 34:26 | Create | Villager (Male) |
| 34:27 | Create | Villager (Male) |
| 34:27 | Create | Villager (Male) |
| 34:35 | Create | Villager (Male) |
| 35:14 | Create | Villager (Male) |
| 35:22 | Build | Mining Camp |
| 35:28 | Create | Villager (Male) |
| 35:28 | Create | Villager (Male) |
| 35:29 | Create | Villager (Male) |
| 35:36 | Create | Villager (Male) |
| 35:37 | Create | Villager (Male) |
| 35:59 | Build | Town Center |
| 37:25 | Create | Mangonel |
| 37:37 | Create | Villager (Male) |
| 37:38 | Create | Villager (Male) |
| 37:38 | Create | Villager (Male) |
| 37:38 | Create | Villager (Male) |
| 37:43 | Create | Villager (Male) |
| 37:49 | Create | Villager (Male) |
Match timeline
| 0:15 | Andrew · wall_segment Palisade Wall x1 |
| 0:17 | Andrew · wall_segment Palisade Wall x1 |
| 0:18 | lautygonzalez89 · wall_segment Palisade Wall x7 |
| 0:18 | AABYBRUNO · wall_segment Palisade Wall x11 |
| 0:19 | Andrew · wall_segment Palisade Wall x3 |
| 0:22 | Nixo_89 · wall_segment Palisade Wall x5 |
| 0:24 | Nixo_89 · wall_segment Palisade Wall x4 |
| 0:25 | lautygonzalez89 · wall_segment Palisade Wall x10 |
| 0:37 | Nixo_89 · wall_segment Palisade Wall x11 |
| 1:01 | Nixo_89 · wall_segment Palisade Wall x19 |
| 1:04 | AABYBRUNO · wall_segment Palisade Wall x14 |
| 1:16 | lautygonzalez89 · wall_segment Palisade Wall x10 |
| 1:21 | Andrew · wall_segment Palisade Wall x3 |
| 1:24 | Andrew · wall_segment Palisade Wall x3 |
| 1:34 | ❤️🩹Kyan Kylock · wall_segment Palisade Wall x8 |
| 2:22 | Andrew · wall_segment Palisade Wall x1 |
| 3:48 | ❤️🩹Kyan Kylock · wall_segment Palisade Wall x1 |
| 4:16 | AABYBRUNO · wall_segment Palisade Wall x15 |
| 5:08 | ❤️🩹Kyan Kylock · wall_segment Palisade Wall x5 |
| 5:10 | ❤️🩹Kyan Kylock · wall_segment Palisade Wall x8 |
| 5:55 | AABYBRUNO · wall_segment Palisade Wall x5 |
| 5:58 | ❤️🩹Kyan Kylock · wall_segment Palisade Wall x1 |
| 8:24 | Andrew · first_building Barracks |
| 10:39 | Nixo_89 · wall_segment Palisade Wall x1 |
| 10:39 | Nixo_89 · wall_segment Palisade Wall x1 |
| 11:25 | Andrew · age_up feudal |
| 11:27 | lautygonzalez89 · first_building Barracks |
| 11:52 | ❤️🩹Kyan Kylock · wall_segment Palisade Wall x12 |
| 12:12 | Nixo_89 · age_up feudal |
| 12:24 | Nixo_89 · wall_segment Stone Wall x4 |
| 12:31 | Nixo_89 · wall_segment Stone Wall x6 |
| 12:50 | AABYBRUNO · first_building Barracks |
| 13:43 | ❤️🩹Kyan Kylock · wall_segment Palisade Wall x1 |
| 13:44 | ❤️🩹Kyan Kylock · wall_segment Palisade Wall x2 |
| 14:07 | AABYBRUNO · wall_segment Palisade Wall x18 |
| 14:09 | ❤️🩹Kyan Kylock · age_up feudal |
| 14:18 | lautygonzalez89 · age_up feudal |
| 14:30 | ❤️🩹Kyan Kylock · wall_segment Stone Wall x9 |
| 14:40 | ❤️🩹Kyan Kylock · wall_segment Stone Wall x3 |
| 14:47 | ❤️🩹Kyan Kylock · wall_segment Stone Wall x4 |
| 14:48 | ❤️🩹Kyan Kylock · wall_segment Stone Wall x6 |
| 15:32 | JLN II · age_up feudal |
| 15:48 | Nixo_89 · first_building Dock |
| 15:55 | AABYBRUNO · wall_segment Palisade Wall x2 |
| 16:02 | AABYBRUNO · wall_segment Palisade Wall x1 |
| 16:13 | ❤️🩹Kyan Kylock · wall_segment Stone Wall x15 |
| 16:30 | ❤️🩹Kyan Kylock · wall_segment Stone Wall x3 |
| 16:54 | JLN II · first_building Barracks |
| 17:24 | ❤️🩹Kyan Kylock · first_building Barracks |
| 17:44 | lautygonzalez89 · first_building Stable |
| 18:03 | JLN II · wall_segment Stone Wall x12 |
| 18:09 | ❤️🩹Kyan Kylock · first_building Dock |
| 18:26 | AABYBRUNO · first_building Archery Range |
| 18:39 | ❤️🩹Kyan Kylock · wall_segment Stone Wall x1 |
| 18:40 | ❤️🩹Kyan Kylock · wall_segment Stone Wall x2 |
| 18:42 | ❤️🩹Kyan Kylock · wall_segment Stone Wall x1 |
| 18:50 | lautygonzalez89 · age_up castle |
| 18:59 | Nixo_89 · first_market_buy 100 food |
| 19:13 | JLN II · first_building Archery Range |
| 19:27 | Nixo_89 · wall_segment Stone Wall x13 |
| 20:52 | Nixo_89 · wall_segment Stone Wall x1 |
| 21:07 | ❤️🩹Kyan Kylock · age_up castle |
| 21:21 | ❤️🩹Kyan Kylock · first_building Monastery |
| 21:41 | lautygonzalez89 · first_market_buy 100 stone |
| 21:45 | lautygonzalez89 · first_market_sell 100 wood |
| 21:51 | lautygonzalez89 · first_building Castle |
| 21:58 | Nixo_89 · age_up castle |
| 22:53 | JLN II · age_up castle |
| 23:02 | Nixo_89 · first_building Monastery |
| 23:33 | Andrew · first_market_sell 100 wood |
| 23:34 | JLN II · first_market_sell 100 food |
| 23:35 | Andrew · first_market_buy 100 food |
| 23:36 | JLN II · first_market_buy 100 wood |
| 23:39 | Nixo_89 · tribute_sent a jugador 1 |
| 23:39 | Nixo_89 · tribute_sent a jugador 2 |
| 23:39 | Nixo_89 · tribute_sent a jugador 3 |
| 23:39 | Nixo_89 · tribute_sent a jugador 4 |
| 23:39 | Nixo_89 · tribute_sent a jugador 6 |
| 23:59 | Nixo_89 · first_building Castle |
| 25:17 | ❤️🩹Kyan Kylock · first_market_buy 500 stone |
| 25:20 | ❤️🩹Kyan Kylock · first_market_sell 100 wood |
| 25:32 | ❤️🩹Kyan Kylock · first_building Castle |
| 25:57 | AABYBRUNO · wall_segment Stone Wall x12 |
| 26:16 | Andrew · age_up castle |
| 26:20 | Andrew · first_building Siege Workshop |
| 26:45 | Andrew · wall_segment Stone Wall x1 |
| 26:50 | Andrew · wall_segment Stone Wall x1 |
| 26:52 | Andrew · wall_segment Stone Wall x1 |
| 26:55 | Andrew · wall_segment Stone Wall x1 |
| 26:58 | Andrew · wall_segment Stone Wall x1 |
| 27:01 | Andrew · wall_segment Stone Wall x1 |
| 27:03 | lautygonzalez89 · wall_segment Stone Wall x7 |
| 27:08 | Andrew · wall_segment Stone Wall x5 |
| 28:52 | Andrew · wall_segment Stone Wall x1 |
| 28:55 | lautygonzalez89 · wall_segment Stone Wall x1 |
| 29:11 | lautygonzalez89 · wall_segment Stone Wall x16 |
| 30:15 | lautygonzalez89 · wall_segment Stone Wall x1 |
| 30:30 | AABYBRUNO · first_building Siege Workshop |
| 31:01 | AABYBRUNO · tribute_sent a jugador 1 |
| 31:01 | AABYBRUNO · tribute_sent a jugador 2 |
| 31:01 | AABYBRUNO · tribute_sent a jugador 3 |
| 31:01 | AABYBRUNO · tribute_sent a jugador 4 |
| 31:01 | AABYBRUNO · tribute_sent a jugador 5 |
| 31:48 | Nixo_89 · age_up imperial |
| 32:28 | Andrew · first_building Monastery |
| 32:57 | Nixo_89 · tribute_sent a jugador 1 |
| 32:57 | Nixo_89 · tribute_sent a jugador 2 |
| 32:57 | Nixo_89 · tribute_sent a jugador 3 |
| 32:57 | Nixo_89 · tribute_sent a jugador 4 |
| 32:57 | Nixo_89 · tribute_sent a jugador 6 |
| 32:59 | JLN II · first_building Monastery |
| 34:15 | lautygonzalez89 · age_up imperial |
| 34:42 | ❤️🩹Kyan Kylock · age_up imperial |
| 35:42 | AABYBRUNO · first_market_buy 100 stone |
| 36:55 | lautygonzalez89 · first_building Siege Workshop |
| 37:22 | AABYBRUNO · first_market_sell 100 wood |
| 38:27 | lautygonzalez89 · wall_segment Stone Wall x7 |
| 38:59 | Nixo_89 · first_building Barracks |
| 39:15 | JLN II · age_up imperial |
| 39:23 | AABYBRUNO · first_building Monastery |
| 39:29 | Nixo_89 · first_building Stable |
| 39:50 | JLN II · first_building Castle |
| 40:52 | ❤️🩹Kyan Kylock · first_building Archery Range |
| 42:20 | AABYBRUNO · first_building Castle |
| 42:41 | lautygonzalez89 · wall_segment Stone Wall x15 |
| 43:57 | lautygonzalez89 · wall_segment Stone Wall x4 |
| 44:06 | lautygonzalez89 · wall_segment Stone Wall x12 |
| 44:10 | Nixo_89 · tribute_sent a jugador 1 |
| 44:10 | Nixo_89 · tribute_sent a jugador 2 |
| 44:10 | Nixo_89 · tribute_sent a jugador 3 |
| 44:10 | Nixo_89 · tribute_sent a jugador 4 |
| 44:10 | Nixo_89 · tribute_sent a jugador 6 |
| 44:49 | JLN II · first_building Siege Workshop |
| 44:51 | Nixo_89 · first_building Siege Workshop |
| 45:41 | AABYBRUNO · wall_segment Stone Wall x6 |
| 46:42 | lautygonzalez89 · wall_segment Stone Wall x6 |
| 46:46 | lautygonzalez89 · wall_segment Stone Wall x1 |
| 46:54 | Andrew · age_up imperial |
| 48:00 | lautygonzalez89 · wall_segment Stone Wall x1 |
| 48:46 | lautygonzalez89 · wall_segment Stone Wall x1 |
| 49:24 | lautygonzalez89 · wall_segment Stone Wall x6 |
| 57:04 | lautygonzalez89 · first_building Archery Range |
| 61:36 | Nixo_89 · tribute_sent a jugador 1 |
| 61:36 | Nixo_89 · tribute_sent a jugador 2 |
| 61:36 | Nixo_89 · tribute_sent a jugador 3 |
| 61:36 | Nixo_89 · tribute_sent a jugador 4 |
| 61:36 | Nixo_89 · tribute_sent a jugador 6 |
| 61:47 | AABYBRUNO · wall_segment Stone Wall x6 |
| 62:20 | lautygonzalez89 · resign |
[ AI ANALYSIS · 1 CREDIT ]
What really happened in this match?
Wolo.gg analyzes every decision: build order, eco, micro, common mistakes by bracket. Personalized analysis on WhatsApp or Discord in 30 seconds.
Civ guide
Armenians
Perfil
Jugador #21349983